 Dungeon Crawl Stone Soup version 0.30-a0-778-g2ef04afb54 (webtiles) character file.

Game seed: 18151916111454274508

79 Smoke131 the Chucker (level 4, -4/45 HPs)
             Began as an Ogre Gladiator on Feb 16, 2023.
             Slain by a gnoll
             ... wielding a +0 halberd
              (12 damage)
             ... on level 4 of the Dungeon.
             The game lasted 00:03:23 (1303 turns).

Smoke131 the Chucker (Ogre Gladiator)               Turns: 1303, Time: 00:03:23

Health: -4/45      AC:  3    Str: 18    XL:     4   Next: 37%
Magic:  4/4        EV: 10    Int:  9    God:
Gold:   134        SH:  0    Dex: 12    Spells: 3/3 levels left

rFire   . . .      SeeInvis .    a - +0 war axe
rCold   . . .      Faith    .    (no shield)
rNeg    . . .      Spirit   .    b - +0 robe
rPois   .          Reflect  .    c - +0 hat
rElec   .          Harm     .    (no cloak)
rCorr   .          Rampage  .    (gloves unavailable)
Will    .....                    (boots unavailable)
Stlth   +                        (no amulet)
HPRegen 0.27/turn                (no ring)
MPRegen 0.09/turn                (no ring)

@: no status effects
A: large, unfitting armour, tough skin 1
a: no special abilities


You were on level 4 of the Dungeon.
You visited 1 branch of the dungeon, and saw 3 of its levels.

You collected 134 gold pieces.

Inventory:

Hand Weapons
 a - a +0 war axe (weapon)
Missiles
 d - 3 throwing nets (quivered)
 f - 22 stones
Armour
 b - a +0 robe (worn)
 c - a +0 hat (worn)
Scrolls
 g - 3 scrolls of summoning {unknown}
 i - 3 scrolls of teleportation {unknown}
 k - a scroll of noise {unknown}
Potions
 h - a potion of lignification {unknown}
 j - 2 potions of heal wounds {unknown}
 l - a potion of resistance {unknown}


   Skills:
 - Level 3.0 Fighting
 - Level 3.0 Axes
 + Level 4.1 Throwing
 - Level 3.0 Dodging


You had 3 spell levels left.
You didn't know any spells.
Your spell library contained the following spells:

 Spells                   Type           Power      Damage    Failure   Level
 Call Canine Familiar     Summ           0%         N/A       77%         3
 Portal Projectile        Hex/Tloc       0%         N/A       77%         3
 Leda's Liquefaction      Hex/Erth       0%         N/A       99%         4


Dungeon Overview and Level Annotations

Branches:
Dungeon (2/15)

Altars:

Shops:
D:4 *


Innate Abilities, Weirdness & Mutations

You are too large for most types of armour.
You have tough skin. (AC +1)


Message History

You slash the dart slug!
You kill the dart slug!
You see here a dart slug corpse.
f - 19 stones (gained 1)
A sourceless malevolence fills the Dungeon...
You fall into a shaft and drop 2 floors!
The shaft crumbles and collapses.
Found 3 stones.
Found Dewk's Assorted Antiques.
f - 22 stones (gained 3)
There is an entrance to Dewk's Assorted Antiques here.
Found a robe.
There is a shaft here.
A gnoll comes into view. It is wielding a +0 halberd.
Throw: large rock
Press: ? - help, Q - select action, (/) - cycle Shift-Dir - straight line, f - gnoll
Aim: a gnoll, wielding a +0 halberd (64% to hit)
You throw a large rock. The large rock hits the gnoll.
The gnoll is heavily wounded.
You hear a shout! x2
A gnoll comes into view. It is wielding a +0 club.
The gnoll barely misses you.
You hit the gnoll.
The gnoll is almost dead.
The gnoll barely misses you.
You slash the gnoll!
The gnoll is heavily wounded.
The gnoll misses you.
You barely miss the gnoll.
The gnoll is heavily wounded.
The gnoll hits you from afar with a +0 halberd!
The gnoll hits you with a +0 club.
You slash the gnoll!
The gnoll is almost dead.
The gnoll closely misses you. The gnoll hits you with a +0 club. x2
The gnoll hits you from afar with a +0 halberd!
* * * LOW HITPOINT WARNING * * *
You hit the gnoll but do no damage.
The gnoll is almost dead.
The gnoll hits you from afar with a +0 halberd!
You die...

#.#.##.# ##
#.#.##.# .
#......# #.
###.#### .##
#.# .. #.#
#.########.#
#.#.#..^.....#
#gg@.########
##.### #..
.... #####


You could see 2 gnolls.

Vanquished Creatures
  A gnoll (D:1)
  2 adders (D:2)
  3 dart slugs
  5 ball pythons (D:1)
  3 bats
  5 endoplasms
  2 giant cockroaches (D:1)
  4 goblins
  2 hobgoblins (D:1)
  2 jackals (D:2)
  2 quokkas
  A frilled lizard (D:2)
  6 kobolds
  7 rats
45 creatures vanquished.

Vanquished Creatures (others)
  A plant (D:1)
1 creature vanquished.

Grand Total: 46 creatures vanquished

Notes
Turn   | Place    | Note
-------+----------+-------------------------------------------
     0 | D:1      | Smoke131 the Ogre Gladiator began the quest for the Orb.
     0 | D:1      | Reached XP level 1. HP: 22/22 MP: 1/1
    68 | D:1      | Reached XP level 2. HP: 24/31 MP: 2/2
   224 | D:1      | Reached XP level 3. HP: 37/37 MP: 3/3
   244 | D:1      | Reached skill level 3 in Throwing
   994 | D:2      | Reached XP level 4. HP: 42/45 MP: 4/4
  1054 | D:2      | Reached skill level 4 in Throwing
  1256 | D:2      | You fall into a shaft and drop 2 floors!
  1256 | D:4      | Found Dewk's Assorted Antiques.
  1303 | D:4      | Slain by a gnoll

Illustrated notes

Levels and vault maps discovered:
D:1:      tarquinn_simple_flora_water_c, layout_basic,
          ebering_dispersal_statue_hall, minmay_surrounded
D:2:      layout_loops_ring
D:4:      layout_loops_cross, elyvilon_altar_1, xom_confusion_cloud,
          serial_shops, nicolae_diamond_shop, st_stairs_10, uniq_grinder,
          uniq_menkaure

Skill      XL: |  1  2  3  4 |
---------------+-------------+-----
Fighting       | 3 |  3.0
Dodging        | 3 |  3.0
Throwing       | 3 4 |  4.1
Axes           | |  3.0

Action                     |  1- 3 |  4- 6 || total
---------------------------+-------+-------++-------
  Melee: War axe           |    73 |    26 ||    99
  Throw: Large rock        |     2 |     1 ||     3
         Stone             |     4 |       ||     4
   Stab: Sleeping          |     1 |       ||     1
 Armour: Robe              |    23 |    10 ||    33
  Dodge: Dodged            |    44 |    16 ||    60

Table legend: (Time is in decaauts)
 A = Elapsed time spent in this place.
 B = Non-inter-level travel time spent in this place.
 C = Inter-level travel time spent in this place.
 D = Time resting spent in this place.
 E = Time spent auto-exploring this place.
 F = Levels seen in this place.
 G = Mean time per level.
                   A        B        C        D        E       F      G
               +--------+--------+--------+--------+--------+-----+--------+
         Total |   1339 |   1339 |      0 |     16 |    841 |   3 |  446.3 |
       Dungeon |   1339 |   1339 |      0 |     16 |    841 |   3 |  446.3 |
               +--------+--------+--------+--------+--------+-----+--------+

Top non-repeatable levels by time:
     D:1: 869 daAuts
     D:2: 421 daAuts
     D:4: 48 daAuts
